 Dungeon Crawl Stone Soup version 0.28-a0-1395-g4f6bc678fa (webtiles) character file.

Game seed: 7599235457431973661

9828 Deminshera the Fighter (level 11, -10/123 HPs)
             Began as an Ogre Summoner on Jan 4, 2022.
             Was an Initiate of Ashenzari.
             Mangled by a death yak (24 damage)
             ... on level 8 of the Dungeon.
             The game lasted 00:19:04 (14568 turns).

Deminshera the Fighter (Ogre Summoner)             Turns: 14568, Time: 00:19:05

Health: -10/123    AC:  5    Str: 18    XL:     11   Next: 52%
Magic:  3/25       EV: 10    Int: 18    God:    Ashenzari [......]
Gold:   418        SH:  0    Dex:  9    Spells: 17/30 levels left

rFire   + . .      SeeInvis .   h - +1 demon whip (elec)
rCold   + . .      Faith    .   (no shield)
rNeg    . . .      Spirit   .   e - +2 robe {Will+}
rPois   +          Reflect  .   (helmet restricted)
rElec   +          Harm     .   p - scarf {repulsion}
rCorr   +          Rampage  .   (gloves unavailable)
Will    ++...                   (boots unavailable)
Stlth   ++........              (no amulet)
HPRegen 1.10/turn               (no ring)
MPRegen 0.19/turn               (no ring)

@: mighty, resistant, very slightly contaminated, hasted, repel missiles, very
quick
A: large, unfitting armour, tough skin 1, regeneration 1, strong 1
a: Renounce Religion


You were on level 8 of the Dungeon.
You worshipped Ashenzari.
Ashenzari was noncommittal.
You visited 2 branches of the dungeon, and saw 10 of its levels.
You also visited: Bailey.

You collected 575 gold pieces.
You spent 157 gold pieces at shops.

Inventory:

Hand Weapons
 h - a +1 demon whip of electrocution (weapon)
Armour
 e - a +2 robe of willpower (worn)
 p - a scarf of repulsion (worn)
Jewellery
 v - a ring of positive energy
Wands
 i - a wand of charming (9)
 q - a wand of polymorph (9)
Scrolls
 a - a scroll of noise
 g - a scroll of blinking
 k - 3 scrolls of immolation
 l - 6 scrolls of teleportation
 r - a scroll of enchant armour
 t - a scroll of fog
Potions
 c - 3 potions of brilliance
 f - a potion of flight
 j - 2 potions of curing
 m - a potion of heal wounds
 o - 4 potions of cancellation
 s - a potion of haste
 u - a potion of mutation


   Skills:
 - Level 12.0 Fighting
 + Level 6.2 Maces & Flails
 + Level 2.8 Dodging
 - Level 2.0 Stealth
 - Level 10.0 Spellcasting
 - Level 7.0 Summonings
 - Level 5.0 Ice Magic
 - Level 6.0 Air Magic


You had 17 spell levels left.
You knew the following spells:

 Your Spells              Type           Power      Damage    Failure   Level
b - Call Imp              Summ           34%        N/A       1%          2
c - Call Canine Familiar  Summ           34%        N/A       1%          3
d - Summon Lightning Spi  Summ/Air       32%        N/A       5%          4
e - Summon Ice Beast      Ice/Summ       30%        N/A       7%          4

Your spell library contained the following spells:

 Spells                   Type           Power      Damage    Failure   Level
 Freeze                   Ice            100%       1d11      1%          1
 Summon Small Mammal      Summ           100%       N/A       1%          1
 Corpse Rot               Necr/Air       38%        N/A       3%          2
 Poisonous Vapours        Pois/Air       38%        N/A       3%          2
 Frozen Ramparts          Ice            54%        1d7       3%          3
 Summon Guardian Golem    Hex/Summ       21%        N/A       5%          3
 Airstrike                Air            15%        N/A       7%          4
 Foxfire                  Conj/Fire      36%        2x1d5     8%          1
 Blink                    Tloc           18%        N/A       12%         2
 Conjure Flame            Conj/Fire      9%         6-21      24%         3
 Inner Flame              Hex/Fire       9%         N/A       24%         3
 Lesser Beckoning         Tloc           9%         N/A       24%         3
 Portal Projectile        Hex/Tloc       18%        N/A       24%         3
 Lightning Bolt           Conj/Air       9%         1d22      54%         5
 Flame Wave               Conj/Fire      9%         2d4       61%         4
 Blade Hands              Tmut           4%         N/A       91%         5
 Excruciating Wounds      Necr           4%         N/A       91%         5
 Manifold Assault         Tloc           9%         N/A       91%         5
 Ozocubu's Refrigeration  Ice            13%        4d7       100%        7


Dungeon Overview and Level Annotations

Branches:
Dungeon (9/15)             Temple (1/1) D:4          Bailey (visited)
   Lair: D:8-11         Orc: D:9-12

Altars:
Ashenzari
Cheibriados
Dithmenos
Elyvilon
Fedhas
Gozag
Hepliaklqana
Kikubaaqudgha
Makhleb
Nemelex Xobeh
Okawaru
Qazlal
Ru
Trog
Uskayaw
Vehumet
Wu Jian
Xom
Yredelemnul
Zin
The Shining One

Shops:
D:7 =?


Innate Abilities, Weirdness & Mutations

You are too large for most types of armour.
You have tough skin. (AC +1)
Your natural rate of healing is unusually fast.
Your muscles are strong. (Str +2)


Message History

You hit the death yak.
The death yak is lightly wounded.
The death yak gores you!
Your hound bites the death yak but does no damage.
You are too injured to fight recklessly!
You are too injured to fight recklessly!
You are too injured to fight recklessly!
You feel much better.
Your hound bites the death yak but does no damage.
The death yak misses your hound.
You feel yourself speed up.
Your hound bites the death yak but does no damage.
The death yak closely misses your hound.
Your hound bites the death yak but does no damage.
You feel very mighty all of a sudden. The death yak gores your hound!!
Your hound dies!
Your hound's corpse disappears in a puff of smoke!
You whack the death yak!
Lightning courses through the death yak!!
The death yak is heavily wounded.
You hit the death yak.
The death yak is heavily wounded.
You hit the death yak.
The death yak is heavily wounded.
You hit the death yak but do no damage.
The death yak is heavily wounded.
The death yak gores you!
You hit the death yak.
Lightning courses through the death yak!
The death yak is almost dead.
The death yak gores you!! x2
* * * LOW HITPOINT WARNING * * *
You hit the death yak.
The death yak is almost dead.
The death yak gores you!
* * * LOW HITPOINT WARNING * * *
You feel protected. The death yak gores you!!
You die...

##### ##.Y.##
#####
#####Y###.#
#.... #.....#
#.# #Y#..
#.###.###Y#
#.#.# ##Y#
##8..####.#.#
#@Y#
##...YY..#.#
#8##
#########..
#.#
###########.
#.# #.......#
## #.#
#.......# ##
#.# #......<#
#. #.#
#.......###.
#.#
#.......#...
#.#
###.......#...


You could see 2 death yaks and a friendly lightning spire (summoned).

Vanquished Creatures
  A two-headed ogre (D:8)
  The ghost of Mandevil the Firebug, a novice DgFE (D:6)
  A yak (D:8)
  A steam dragon (D:8)
  Edmund (D:6)
  A water moccasin (D:6)
  2 sky beasts
  2 ice beasts
  A centaur (D:8)
  A phantom (D:5)
  A kobold brigand (D:6)
  A bullfrog (D:7)
  A scorpion (D:5)
  A water moccasin zombie (D:6)
  A killer bee (D:8)
  2 howler monkeys
  A hound (D:4)
  3 jellies
  An orc priest (D:3)
  A centaur skeleton (D:5)
  An orc wizard (D:6)
  A hound zombie (D:5)
  A howler monkey zombie (D:8)
  3 gnolls (Bailey)
  2 adders
  A white imp (D:6)
  2 dart slugs
  13 orcs
  5 endoplasms
  3 giant cockroaches
  5 goblins
  A hobgoblin (D:4)
  3 jackals (D:5)
  3 quokkas
  4 ball pythons
  3 bats
  2 kobolds
78 creatures vanquished.

Vanquished Creatures (collateral kills)
  A death yak (D:8)
  A two-headed ogre (D:7)
  Sigmund (D:2)
  A vampire (D:6)
  A wyvern (D:8)
  2 yaks (D:8)
  2 black bears
  An ice beast (D:6)
  An orc warrior (Bailey)
  2 ogres
  A centaur (D:7)
  2 bullfrogs (D:7)
  5 wights (D:7)
  2 killer bees (D:8)
  4 howler monkeys
  2 bullfrog zombies
  2 orc priests (D:8)
  A howler monkey zombie (D:6)
  10 gnolls (Bailey)
  5 adders
  A white imp (D:7)
  A worm (D:5)
  2 dart slugs
  11 orcs
  5 bats
  2 endoplasms
  2 giant cockroaches (D:2)
  7 hobgoblins
  A jackal (D:5)
  3 quokkas
  3 ball pythons
  3 frilled lizards
  3 kobolds
  2 rats
93 creatures vanquished.

Grand Total: 171 creatures vanquished

Notes
Turn   | Place    | Note
-------+----------+-------------------------------------------
     0 | D:1      | Deminshera the Ogre Summoner began the quest for the Orb.
     0 | D:1      | Reached XP level 1. HP: 16/16 MP: 3/3
   957 | D:1      | Reached XP level 2. HP: 19/24 MP: 1/5
   960 | D:1      | Learned a level 2 spell: Call Imp
  2110 | D:2      | Reached XP level 3. HP: 31/31 MP: 5/7
  2114 | D:2      | Learned a level 3 spell: Call Canine Familiar
  2192 | D:2      | Noticed Sigmund
  2236 | D:2      | Killed Sigmund
  2237 | D:2      | Reached XP level 4. HP: 39/39 MP: 2/10
  2237 | D:2      | Reached XP level 5. HP: 45/45 MP: 2/11
  2521 | D:2      | Learned a level 4 spell: Summon Lightning Spire
  2606 | D:2      | Got the Tome of the Glacial Entourage
  2640 | D:2      | Noticed an ogre
  2659 | D:2      | Killed an ogre
  2660 | D:2      | Reached skill level 5 in Summonings
  2660 | D:2      | Reached skill level 1 in Air Magic
  2660 | D:2      | Reached XP level 6. HP: 53/53 MP: 10/13
  2916 | D:3      | Reached skill level 5 in Spellcasting
  4123 | D:4      | Noticed an ice beast
  4170 | D:4      | Killed an ice beast
  4171 | D:4      | Reached XP level 7. HP: 40/59 MP: 0/14
  4748 | D:4      | Found a staircase to the Ecumenical Temple.
  5201 | D:5      | Entered Level 5 of the Dungeon
  5512 | D:5      | Reached skill level 5 in Air Magic
  5512 | D:5      | Reached XP level 8. HP: 17/67 MP: 10/15
  6530 | D:6      | Noticed a vampire
  6543 | D:6      | Killed a vampire
  6949 | D:6      | Reached skill level 1 in Fighting
  6957 | D:6      | Reached skill level 2 in Fighting
  6957 | D:6      | Reached skill level 1 in Maces & Flails
  7255 | D:6      | Found a runed translucent gate.
  7255 | D:6      | Found a runed translucent gate.
  7255 | D:6      | Found a runed translucent gate.
  7255 | D:6      | Noticed Mandevil's ghost (novice DgFE)
  7268 | D:6      | Killed Mandevil's ghost
  7269 | D:6      | Reached skill level 3 in Fighting
  7269 | D:6      | Reached XP level 9. HP: 77/84 MP: 10/18
  7336 | D:6      | Noticed Edmund
  7362 | D:6      | Killed Edmund
  7363 | D:6      | Reached skill level 4 in Fighting
  8982 | D:7      | Reached skill level 5 in Fighting
  9076 | D:6      | Learned a level 4 spell: Summon Ice Beast
  9158 | D:7      | Reached skill level 1 in Ice Magic
  9340 | D:7      | Found Xefoplang's Magic Scroll Shop.
  9352 | D:7      | Bought a scroll of teleportation for 45 gold pieces
  9352 | D:7      | Bought a scroll of identify for 30 gold pieces
  9352 | D:7      | Bought a scroll of fog for 30 gold pieces
  9352 | D:7      | Bought a scroll of immolation for 52 gold pieces
  9406 | D:7      | Noticed a two-headed ogre
  9414 | D:7      | Reached skill level 6 in Fighting
  9973 | D:7      | Found Ycerupuff's Jewellery Shop.
 10262 | D:7      | Found Xefoplang's Magic Scroll Shop.
 10294 | D:7      | Killed a two-headed ogre
 10295 | D:7      | Reached skill level 7 in Fighting
 10295 | D:7      | Reached skill level 5 in Maces & Flails
 10295 | D:7      | Reached XP level 10. HP: 46/102 MP: 4/19
 10553 | D:7      | Found Ycerupuff's Jewellery Shop.
 10985 | D:8      | Found a flagged portal.
 11001 | Bailey   | Entered a bailey
 12586 | Bailey   | Acquired 317 gold pieces
 12589 | Bailey   | Gained mutation: Your muscles are strong. (Str +2) [potion
                  | of mutation]
 12589 | Bailey   | Gained mutation: Your natural rate of healing is unusually
                  | fast. [potion of mutation]
 12591 | Bailey   | Reached skill level 12 in Fighting
 12591 | Bailey   | Reached XP level 11. HP: 117/117 MP: 19/24
 12650 | D:8      | Reached skill level 10 in Spellcasting
 12714 | D:8      | Noticed a two-headed ogre
 12726 | D:8      | Killed a two-headed ogre
 13777 | Temple   | Entered the Ecumenical Temple
 13863 | Temple   | Became a worshipper of Ashenzari the Shackled
 14044 | D:8      | Reached skill level 5 in Ice Magic
 14260 | D:9      | Noticed a death yak
 14267 | D:9      | Noticed a death yak
 14268 | D:9      | Noticed a death yak
 14274 | D:9      | Noticed a death yak
 14286 | D:9      | Noticed a death yak
 14327 | D:8      | Killed a death yak
 14568 | D:8      | Mangled by a death yak

Illustrated notes

Levels and vault maps discovered:
D:1:      tarquinn_simple_flora_water_c, layout_loops_corners, serial_forest,
          infiniplex_forest_clump_tiny, infiniplex_forest_lined_3,
          infiniplex_forest_end_3, infiniplex_forest_lined_3_way,
          infiniplex_forest_lined_room_3, infiniplex_forest_clump_small,
          infiniplex_forest_join, infiniplex_forest_straight_4,
          chequers_serial_rivers_micro_d
D:2:      minmay_skewed_foursquare, layout_rooms, uniq_sigmund
D:3:      cheibrodos_helix_gallery, layout_basic, roderic_serpentine_path
D:4:      layout_cave_pods, minmay_temple_entry_poolview
D:5:      layout_basic, fountainhead, minmay_diced_spiral
D:6:      layout_layer_cave, ebering_ghost_rock_garden, uniq_edmund
D:7:      layout_layer_cave, serial_shops, nicolae_shop_behind_doors,
          nicolae_stop_n_shop_1
D:8:      layout_loops_cross, enter_bailey_3, dk_rats_in_the_wall
D:9:      layout_irregular_city, dpeg_lair_monsters, grunt_ministairs_1,
          uniq_erica
Temple:   dpeg_three_leaves_temple

Skill      XL: |  1  2  3  4  5  6  7  8  9 10 11 |
---------------+----------------------------------+-----
Dodging        | 2 |  2.8
Spellcasting   | 3 4 5 6 9 10 | 10.0
Stealth        | 2 |  2.0
Summonings     | 4 5 6 7 |  7.0
Air Magic      | 1 2 5 6 |  6.0
Fighting       | 3 7 12 | 12.0
Maces & Flails | 2 5 6 |  6.2
Ice Magic      | 3 5 |  5.0

Action                   |  1- 3 |  4- 6 |  7- 9 | 10-12 || total
-------------------------+-------+-------+-------+-------++-------
Melee: Unarmed           |    69 |    37 |       |       ||   106
       Spear             |       |    61 |       |       ||    61
       Trident           |       |     4 |       |       ||     4
       Demon whip        |       |       |   173 |   122 ||   295
 Cast: Summon Small Mamm |    12 |       |       |       ||    12
       Call Imp          |    10 |    10 |     6 |       ||    26
       Call Canine Famil |     3 |    14 |    18 |    13 ||    48
       Summon Lightning  |       |       |    19 |    25 ||    44
       Summon Ice Beast  |       |       |     4 |     9 ||    13
  Use: Scroll            |       |       |     8 |     8 ||    16
       Potion            |       |       |     2 |     8 ||    10
 Stab: Sleeping          |     1 |       |     1 |     5 ||     7
       Distracted        |       |     1 |     2 |     1 ||     4
Armor: Robe              |    25 |    45 |    66 |    25 ||   161
       Skin              |       |       |     2 |       ||     2
Dodge: Dodged            |    60 |    50 |    97 |    78 ||   285
       Repelled          |       |       |     3 |       ||     3

Table legend: (Time is in decaauts)
 A = Elapsed time spent in this place.
 B = Non-inter-level travel time spent in this place.
 C = Inter-level travel time spent in this place.
 D = Time resting spent in this place.
 E = Time spent auto-exploring this place.
 F = Levels seen in this place.
 G = Mean time per level.
                   A        B        C        D        E       F      G
               +--------+--------+--------+--------+--------+-----+--------+
         Total |  14572 |  13927 |    645 |   5028 |   7036 |  11 | 1324.7 |
       Dungeon |  12854 |  12240 |    614 |   4045 |   6559 |   9 | 1428.2 |
        Temple |     96 |     66 |     30 |      0 |     55 |   1 |   96.0 |
        Bailey |   1620 |   1620 |      0 |    983 |    422 |   1 | 1620.0 |
               +--------+--------+--------+--------+--------+-----+--------+

Top non-repeatable levels by time:
     D:6: 2995 daAuts
     D:1: 2050 daAuts
     D:8: 1655 daAuts
     D:7: 1634 daAuts
  Bailey: 1620 daAuts
     D:3: 1266 daAuts
     D:5: 1234 daAuts
     D:4: 1162 daAuts
     D:2: 805 daAuts
  Temple: 96 daAuts
     D:9: 50 daAuts
